 Dungeon Crawl Stone Soup version 0.25-a0-404-gc1b5a34292 (webtiles) character file.

Game seed: 1017561034770510579, levelgen mode: deterministic

305 DeadFury222 the Chopper (level 6, 0/56 HPs)
             Began as a Hill Orc Fighter on Jan 11, 2020.
             Was a Follower of Beogh.
             Slain by a gnoll sergeant
             ... wielding a +2 trident of piercing
              (11 damage)
             ... on level 4 of the Dungeon.
             The game lasted 00:07:55 (3247 turns).

DeadFury222 the Chopper (Hill Orc Fighter)          Turns: 3247, Time: 00:07:56

Health: 0/56       AC:  8    Str: 19    XL:     6   Next: 39%
Magic:  6/6        EV:  7    Int: 10    God:    Beogh [*.....]
Gold:   251        SH:  9    Dex: 10    Spells: 5/5 levels left

rFire    . . .     SeeInvis .   a - +0 war axe
rCold    . . .     Gourm    .   c - +0 shield
rNeg     . . .     Faith    .   b - +0 scale mail
rPois    .         Spirit   .   (no helmet)
rElec    .         Reflect  .   (no cloak)
rCorr    .         Harm     .   (no gloves)
MR       .....                  x - +0 pair of boots
Stlth    ..........             (no amulet)
HPRegen  0.18/turn              (no ring)
MPRegen  0.10/turn              (no ring)

@: no status effects
A: no striking features
a: Renounce Religion


You were on level 4 of the Dungeon.
You worshipped Beogh.
Beogh was aware of your devotion.
You were near starving.

You visited 1 branch of the dungeon, and saw 4 of its levels.
You also visited: Sewer.

You collected 251 gold pieces.

Inventory:

Hand Weapons
 a - a +0 war axe (weapon)
Armour
 b - a +0 scale mail (worn)
 c - a +0 shield (worn)
 x - a +0 pair of boots (worn)
Jewellery
 s - an uncursed ring of see invisible {unknown}
Wands
 t - a wand of flame (14)
Scrolls
 g - a scroll of random uselessness {unknown}
 h - 3 scrolls of teleportation
 i - a scroll of blinking {unknown}
 k - 3 scrolls of remove curse {unknown}
 o - 3 scrolls of identify {unknown}
 p - a scroll of enchant armour {unknown}
 r - a scroll of fear {unknown}
 u - a scroll of magic mapping {unknown}
Potions
 d - a potion of might
 e - a potion of resistance {unknown}
 j - 3 potions of lignification {unknown}
 l - a potion of magic {unknown}
 m - 2 potions of curing {unknown}
 n - 2 potions of degeneration {unknown}
 q - 2 potions of mutation {unknown}
 v - 4 potions of flight
 w - 2 potions of haste {unknown}
Comestibles
 f - 5 rations


   Skills:
 + Level 5.0 Fighting
 * Level 5.7 Axes
 + Level 4.5 Armour
 + Level 4.4 Shields


You had 5 spell levels left.
You didn't know any spells.
Your spell library was empty.

Dungeon Overview and Level Annotations

Branches:
Dungeon (4/15)              Sewer (visited)
 Temple: D:4-7

Altars:
Dithmenos
Wu Jian


Message History

The gnoll hits you from afar with a +0 spear.
You hit the gnoll sergeant but do no damage.
The gnoll sergeant is heavily wounded.
You are near starving!
The gnoll sergeant hits you with a +2 trident of piercing.
A gnoll comes into view. It is wielding a +0 halberd.
The gnoll hits you but does no damage.
You barely miss the gnoll sergeant.
The gnoll sergeant is heavily wounded.
The gnoll hits you from afar with a +0 spear.
A gnoll comes into view.
The gnoll sergeant hits you with a +2 trident of piercing!
* * * LOW HITPOINT WARNING * * *
x2 Your shield and scale mail prevent you from hitting the gnoll.
You hit the gnoll sergeant. The gnoll hits you but does no damage.
The gnoll hits you from afar with a +0 spear.
* * * LOW HITPOINT WARNING * * *
The gnoll barely misses you.
The gnoll sergeant hits you with a +2 trident of piercing!
You die...

#.# #.# #.# #.# ### #.#
..# #.# #.# #.#.# #.#
#.#.#
#.##############@#.###.
................ggg.....
#.#############..#g###..
#...## #..#.# # ..#..###
##.#.###...# .......#
#.........# ##+###.#
#.[#####..# #.#
#.........#
##.###.##########..####.##


You could see a gnoll sergeant and 3 gnolls.

Vanquished Creatures
  Terence (D:2)
  A merfolk siren (Sewer)
  A merfolk avatar (Sewer)
  3 gnolls (D:2)
  5 adders
  3 river rats (Sewer)
  An ooze (D:3)
  3 worms
  3 dart slugs
  4 leopard geckos
  8 orcs (D:3)
  5 ball pythons
  5 giant cockroaches
  11 goblins
  10 hobgoblins
  9 kobolds
  A quokka (D:2)
  2 bats
  5 frilled lizards
  36 rats
117 creatures vanquished.

Vanquished Creatures (others)
  An orc priest (D:3)
  An orc (D:3)
2 creatures vanquished.

Grand Total: 119 creatures vanquished

Notes
Turn   | Place    | Note
-------+----------+-------------------------------------------
     0 | D:1      | DeadFury222 the Hill Orc Fighter began the quest for the
                  | Orb.
     0 | D:1      | Reached XP level 1. HP: 19/19 MP: 1/1
    94 | D:1      | Reached XP level 2. HP: 26/27 MP: 2/2
   422 | D:1      | Reached XP level 3. HP: 22/33 MP: 3/3
   964 | D:2      | Reached XP level 4. HP: 37/40 MP: 4/4
  1153 | D:2      | Found a faded altar of an unknown god.
  1268 | D:2      | Found a shadowy altar of Dithmenos.
  1431 | D:2      | Noticed Terence
  1438 | D:2      | Killed Terence
  1438 | D:2      | Reached XP level 5. HP: 46/47 MP: 5/5
  1686 | D:3      | Became a worshipper of Beogh the Brigand
  1702 | D:3      | Reached skill level 5 in Axes
  1784 | D:3      | Found a glowing drain.
  1805 | Sewer    | Entered a sewer
  2120 | Sewer    | Reached * piety under Beogh
  2120 | Sewer    | Reached XP level 6. HP: 53/53 MP: 6/6
  2892 | D:3      | Reached skill level 5 in Fighting
  3190 | D:4      | Found an ornate altar of the Wu Jian Council.
  3247 | D:4      | Slain by a gnoll sergeant

Levels and vault maps discovered:
D:1:      eino_arrival_druids_welcome, layout_basic,
          chequers_serial_rivers_marsh
D:2:      layout_loops_cross, nicolae_dithmenos_through_a_glass_darkly,
          first_ration, chequers_ecumenical_altar_island, uniq_terence
D:3:      layout_basic, cheibrodos_sewer_entry_drain
D:4:      layout_basic, lemuel_doored_altar, nicolae_overflow_quartered_altars,
          minmay_temple_entry_waves, serial_shops, shop, kennysheep_mini, shop,
          shop, shop, minmay_strange_pillars, minmay_misc_feat_x, uniq_sigmund

Skill      XL: |  1  2  3  4  5  6 |
---------------+-------------------+-----
Axes           | 3 4 5 |  5.7
Fighting       | 4 5 |  5.0
Armour         | 4 |  4.5
Shields        | 4 |  4.4

Action                   |  1- 3 |  4- 6 || total
-------------------------+-------+-------++-------
Melee: War axe           |   119 |   262 ||   381
Invok: Convert to Beogh  |       |     1 ||     1
  Eat: Chunk             |       |     7 ||     7
Armor: Scale mail        |    50 |   105 ||   155
Dodge: Dodged            |    48 |    59 ||   107
Block: Shield            |    71 |   101 ||   172

Table legend:
 A = Non-vault XP
 B = Vault XP
 C = Vault XP percentage of total XP
 D = Non-vault monster count
 E = Vault monster count
 F = Vault count percentage of total count
                 A         B        C        D         E       F
            +---------+---------+-------+---------+---------+-------
      Total |     235 |     201 |  46.1 |      72 |      44 |  37.9
            +---------+---------+-------+---------+---------+-------
        D:1 |      49 |       0 |   0.0 |      27 |       0 |   0.0
        D:2 |     112 |      36 |  24.3 |      25 |       1 |   3.8
        D:3 |      74 |       4 |   5.1 |      20 |       3 |  13.0
      Sewer |       0 |     161 | 100.0 |       0 |      40 | 100.0
            +---------+---------+-------+---------+---------+-------
